 Dungeon Crawl Stone Soup version 0.20.2-3-g29329e0561 (webtiles) character file.

63 Alfie the Covered (level 3, -5/33 HPs)
             Began as a Minotaur Fighter on Dec 15, 2020.
             Killed from afar by Sigmund (9 damage)
             ... with a magic dart
             ... on level 3 of the Dungeon.
             The game lasted 00:05:18 (1287 turns).

Alfie the Covered (Minotaur Fighter)                Turns: 1287, Time: 00:05:19

Health: -5/33      AC:  7    Str: 21    XL:     3   Next: 89%
Magic:  2/2        EV:  8    Int:  5    God:
Gold:   84         SH:  9    Dex:  9    Spells: 2/2 levels left

rFire    . . .     SeeInvis .   a - +0 long sword
rCold    . . .     Gourm    .   c - +0 shield
rNeg     . . .     Faith    .   b - +0 scale mail
rPois    .         Spirit   .   (helmet restricted)
rElec    .         Reflect  .   (no cloak)
rCorr    .         Harm     .   (no gloves)
MR       .....                  (no boots)
Stlth    ..........             (no amulet)
Regen    0.2/turn               (no ring)
MPRegen  0.1/turn               (no ring)

@: lethally poisoned (-5 -> -29)
A: retaliatory headbutt, horns 2
a: no special abilities


You were on level 3 of the Dungeon.
You were not hungry.

You visited 1 branch of the dungeon, and saw 3 of its levels.

You collected 84 gold pieces.

Inventory:

Hand Weapons
 a - a +0 long sword (weapon)
Armour
 b - a +0 scale mail (worn)
 c - a +0 shield (worn)
Jewellery
 p - a cursed -3 ring of protection {unknown}
 q - an uncursed amulet of the gourmand {unknown}
Scrolls
 g - a scroll of magic mapping
 i - 2 scrolls of teleportation {unknown}
 l - 2 scrolls of blinking {unknown}
 m - a scroll of enchant weapon {unknown}
 o - a scroll of recharging {unknown}
 v - a scroll of amnesia {unknown}
Potions
 d - a potion of might
 e - 2 potions of heal wounds
 h - 2 potions of degeneration {unknown}
 j - a potion of mutation {unknown}
 k - a potion of brilliance {unknown}
 n - 2 potions of curing {unknown}
 s - a potion of haste {unknown}
 u - a potion of ambrosia {unknown}
Comestibles
 f - a bread ration
 r - a meat ration
 t - a royal jelly


   Skills:
 + Level 4.1 Fighting
 + Level 3.3 Long Blades
 + Level 4.2 Armour
 + Level 0.9 Dodging
 + Level 4.2 Shields


You had 2 spell levels left.
You didn't know any spells.

Dungeon Overview and Level Annotations

Branches:
Dungeon (3/15)

Altars:
Trog
Zin

Annotations:
D:3 Sigmund


Innate Abilities, Weirdness & Mutations

You reflexively headbutt those who attack you in melee.
You have a pair of horns on your head.


Message History

You barely miss the orc. Your headbutt misses the orc.
The orc is almost dead.
You feel very sick. Something hits you. The adder completely misses you.
You riposte.
You closely miss the adder. You block the orc's attack.
The orc hits you with a dagger. The kobold hits you.
* * * LOW HITPOINT WARNING * * *
The orc barely misses you. You furiously retaliate!
You headbutt the orc!
You kill the orc!
The orc throws a tomahawk.
The tomahawk hits you but does no damage.
The orc priest hits you.
* * * LOW HITPOINT WARNING * * *
You block the adder's attack.
* * * LOW HITPOINT WARNING * * *
You feel sick.
You hear some strange, mumbled words.
A magic dart appears from out of thin air!
The magic dart hits you!
You die...

,,,,,,,,** ** ,,,,,,,,.###* *,
,,,,,,,,....############# *,
,,,,,,,,,...#...!.#.....#* *,
,,,,,,,,,*#.............$** *,
,,,,,,.,,*#..............,* *,
,,,,,,...##..............,* **
,,,,,,.........(oo.......,* *,
,,,,,,.......(.o@(.......,******,
,,,,,,...#>.....KoS......,,,,,,,,
,,,,,,,,,#.......r.......,,,,,**,
,,,,,,,,,#.=.............,***,**,
,,,,,,,,......##.......##,,,,,,,,
,,,,,,,.#........#.......,,,,,,,,
,,,,,,.*########.....#.##,,,,,,,,
,,,**,** ***,,..#......,,,,,,,,,
*****,* **,,,**,,,,,,**,***,,***


You could see an orc priest, an adder, 3 orcs, a kobold and a rat.

Vanquished Creatures
  2 adders (D:2)
  An ooze (D:2)
  3 leopard geckos
  An orc (D:3)
  A ball python (D:2)
  7 bats
  A giant cockroach (D:2)
  2 goblins
  6 hobgoblins
  6 frilled lizards
  4 kobolds
  5 rats
39 creatures vanquished.

Notes
Turn   | Place    | Note
-------+----------+-------------------------------------------
     0 | D:1      | Alfie the Minotaur Fighter began the quest for the Orb.
     0 | D:1      | Reached XP level 1. HP: 19/19 MP: 0/0
   331 | D:1      | Reached XP level 2. HP: 27/27 MP: 1/1
   477 | D:1      | You fall through a shaft!
   506 | D:2      | Found a glowing silver altar of Zin.
   554 | D:2      | Reached XP level 3. HP: 33/33 MP: 2/2
   561 | D:2      | Found a bloodstained altar of Trog.
  1275 | D:3      | Noticed Sigmund
  1287 | D:3      | Killed from afar by Sigmund

Skill      XL: |  1  2  3 |
---------------+----------+-----
Fighting       | 4 |  4.1
Armour         | 4 |  4.2
Shields        | 4 |  4.2
Long Blades    | 3 |  3.3
Dodging        | |  0.9

Action                   || total
-------------------------++-------
Melee: Long sword        ||    99
       Headbutt          ||    15
  Use: Scroll            ||     1
       Potion            ||     1
  Eat: Royal jelly       ||     1
Armor: Scale mail        ||    64
Dodge: Dodged            ||    40
Block: Shield            ||    89
       Rpst.: Long sword ||    11
